 Dungeon Crawl Stone Soup version 0.16.1-11-g651b585 (webtiles) character file.

138 kae the Insei (level 5, -3/40 HPs)
             Began as a Draconian Transmuter on Mar 25, 2015.
             Killed by nerve-wracking pain
             ... invoked by an orc priest
              (4 damage)
             ... on level 4 of the Dungeon on Apr 6, 2015.
             The game lasted 00:06:19 (2651 turns).

kae the Insei (Draconian Transmuter)                Turns: 2651, Time: 00:06:20

Health: -3/40      AC:  5    Str: 12    XL:     5   Next: 1%
Magic:  9/9        EV: 12    Int: 14    God:
Gold:   213        SH:  0    Dex: 17    Spells: 1 memorised, 7 levels left

rFire  . . .     SeeInvis .       - Unarmed
rCold  . . .     Clarity  .     (armour unavailable)
rNeg   . . .     SustAb   .     (no shield)
rPois  .         Gourm    .     (helmet restricted)
rElec  .         Spirit   .     (no cloak)
rCorr  .         Warding  .     (no gloves)
rMut   .         Stasis   .     (no boots)
MR     .....                    (no amulet)
Stlth  ++........               (no ring)
                                e - +5 ring of dexterity

@: not resistant to hostile enchantments, unstealthy
A: unfitting armour, cold-blooded, AC +5
a: no special abilities


You were on level 4 of the Dungeon.
You were not hungry.

You visited 1 branch of the dungeon, and saw 4 of its levels.

You collected 213 gold pieces.

Inventory:

Missiles
 b - 47 arrows
Jewellery
 e - a +5 ring of dexterity (left hand)
Magical devices
 r - a wand of lightning (4)
Scrolls
 c - 2 scrolls of enchant armour {unknown}
 g - 3 scrolls of random uselessness {unknown}
 h - 2 scrolls of amnesia {unknown}
 i - 2 scrolls of recharging {unknown}
 j - a scroll of identify {unknown}
 q - a scroll of immolation {unknown}
Potions
 f - 2 potions of brilliance {unknown}
 l - a potion of agility {unknown}
 m - a potion of restore abilities {unknown}
 n - 2 potions of resistance {unknown}
Books
 d - a book of Changes

   Spells                             Type                      Level
   a - Beastly Appendage              Transmutation                1
   b - Sticks to Snakes               Transmutation                2
   c - Spider Form                    Transmutation/Poison         3
   d - Ice Form                       Ice/Transmutation            4
   e - Blade Hands                    Transmutation                5
Comestibles
 a - 3 bread rations
 k - a beef jerky
 o - a slice of pizza
 p - a meat ration


   Skills:
 - Level 1.1 Fighting
 - Level 1.7 Dodging
 * Level 4.9 Unarmed Combat
 - Level 2.0 Spellcasting
 + Level 3.5 Transmutations


You had 7 spell levels left.
You knew the following spells:

 Your Spells              Type           Power        Failure   Level  Hunger
a - Beastly Appendage     Trmt           ##....       6%          1    ##.....


Dungeon Overview and Level Annotations

Branches:
Dungeon (4/15)
 Temple: D:4-7

Altars:
Ashenzari
Okawaru
Sif Muna
Xom
Yredelemnul


Innate Abilities, Weirdness & Mutations

Your plain brown scales are hard (AC +5).
Your body does not fit into most forms of armour.
Your cold-blooded metabolism reacts poorly to cold.


Message History

You are too injured to fight recklessly!
Unknown command.
You are too injured to fight recklessly!
You are too injured to fight recklessly!
Unknown command.
You are too injured to fight recklessly!
You are too injured to fight recklessly!
You completely miss the hound skeleton.
The kobold hits you with an uncursed dagger.
* * * LOW HITPOINT WARNING * * *
The orc priest glows brightly for a moment.
The hound skeleton bites you.
* * * LOW HITPOINT WARNING * * *
You hit the hound skeleton.
You destroy the hound skeleton!
You have reached level 5!
The kobold closely misses you.
The orc priest invokes the aid of Beogh against you.
Pain shoots through your body!
You die...

.#.. ..## #..#
###..## #
#..#####.....###
#..##.........##
#....).........# .
#........###...#
...######.....####
##.).
.......K..(..###
##...
.....o.o@..###
#.... ......oo...#
#...# ###........#
#...# #####.....#
#..## .......#
#...# #........#
#.... ......... #
.. .....#......
.... .....


You could see 3 orc priests, an orc and a kobold.

Vanquished Creatures
  A hound skeleton (D:4)
  3 adders
  A giant mite (D:3)
  2 worms (D:2)
  An adder skeleton (D:4)
  3 giant geckos
  An ooze (D:1)
  A ball python (D:3)
  7 bats
  3 giant cockroaches
  15 goblins
  9 hobgoblins
  A jackal (D:3)
  4 kobolds
  4 giant newts
  A jackal skeleton (D:3)
  6 quokkas
  7 rats
70 creatures vanquished.

Notes
Turn   | Place    | Note
--------------------------------------------------------------
     0 | D:1      | kae, the Draconian Transmuter, began the quest for the Orb.
     0 | D:1      | Reached XP level 1. HP: 16/16 MP: 3/3
     0 | D:1      | Upgraded the game from 0.16.1-2-g95b8d4c to 0.16.1-5-gaa23807
     0 | D:1      | Upgraded the game from 0.16.1-5-gaa23807 to 0.16.1-7-g2c6721e
   281 | D:1      | Reached XP level 2. HP: 21/23 MP: 4/4
  1134 | D:2      | Reached XP level 3. HP: 18/28 MP: 6/6
  1306 | D:2      | Found a deep blue altar of Sif Muna.
  1306 | D:2      | Found a shattered altar of Ashenzari.
  1308 | D:2      | Found a shimmering altar of Xom.
  1406 | D:2      | Reached skill level 4 in Unarmed Combat
  1465 | D:2      | Found an iron altar of Okawaru.
  1823 | D:3      | Upgraded the game from 0.16.1-7-g2c6721e to 0.16.1-11-g651b585
  2011 | D:3      | Reached XP level 4. HP: 32/35 MP: 7/7
  2474 | D:4      | Found a basalt altar of Yredelemnul.
  2650 | D:4      | HP: 1/35 [hound skeleton (2)]
  2651 | D:4      | Reached XP level 5. HP: 1/40 MP: 9/9
  2651 | D:4      | Killed from afar by an orc priest

Action                   |  1- 3 |  4- 6 || total
-------------------------+-------+-------++-------
Melee: Unarmed           |   152 |    89 ||   241
 Cast: Beastly Appendage |    12 |     7 ||    19
 Stab: Sleeping          |     2 |       ||     2
  Eat: Chunk             |     3 |     3 ||     6
